 Dungeon Crawl Stone Soup version 0.30-b1-5-g8e6c1be481 (webtiles) character file.

Game seed: 2162664004157659539

1637 Mysteryquy the Spear-Bearer (level 8, -1/74 HPs)
             Began as a Naga Fighter on May 4, 2023.
             Was an Initiate of Cheibriados.
             Slain by a killer bee (4 damage)
             ... on level 6 of the Dungeon.
             The game lasted 00:12:33 (5968 turns).

Mysteryquy the Spear-Bearer (Naga Fighter)          Turns: 5968, Time: 00:12:33

Health: -1/74      AC: 12    Str: 22    XL:     8   Next: 98%
Magic:  8/8        EV:  9    Int: 10    God:    Cheibriados [......]
Gold:   380        SH:  0    Dex: 11    Spells: 7/7 levels left

rFire   . . .        d - +3 scythe (vamp)
rCold   + . .        (shield currently unavailable)
rNeg    . . .        l - +0 acid dragon scales
rPois   +            s - +1 helmet
rElec   .            (no cloak)
rCorr   +            h - +2 pair of gloves
SInv    +            (no barding)
Will    +....        (no amulet)
Stlth   +            e - ring of protection from cold
HPRegen 0.32/turn    y - ring of flight
MPRegen 0.11/turn

%: no passive effects
@: flying, very slow
A: AC +2, large, see invisible, deformed body, poison resistance, slowness 2,
spit poison 1, naga tail 1
a: Spit Poison, Renounce Religion


You were on level 6 of the Dungeon.
You worshipped Cheibriados.
Cheibriados was noncommittal.
You visited 2 branches of the dungeon, and saw 8 of its levels.

You collected 380 gold pieces.

Inventory:

Hand Weapons
 a - a +0 trident
 d - a +3 vampiric scythe (weapon)
 z - the +8 trident of Ru's Benevolence {distort, Int+4}
   (You found it on level 4 of the Dungeon)

   Int:       It affects your intelligence (+4).
Missiles
 o - a throwing net
Armour
 b - a +0 scale mail
 c - a +0 buckler
 h - a +2 pair of gloves (worn)
 l - +0 acid dragon scales (worn)
 s - a +1 helmet (worn)
Jewellery
 e - a ring of protection from cold (left hand)
 r - a ring of ice
 y - a ring of flight (right hand)
Wands
 x - a wand of polymorph (11)
Scrolls
 g - 6 scrolls of identify
 n - a scroll of enchant armour
 q - a scroll of vulnerability
 t - a scroll of enchant weapon
Potions
 i - 2 potions of degeneration
 j - a potion of attraction
 p - a potion of magic


   Skills:
 + Level 5.3 Fighting
 + Level 8.4 Polearms
 + Level 4.5 Armour
 + Level 1.8 Dodging
 + Level 2.1 Stealth
 + Level 3.2 Shields


You had 7 spell levels left.
You didn't know any spells.
Your spell library contained the following spells:

 Spells                   Type           Power      Damage    Failure   Level
 Freeze                   Ice            0%         1d3       43%         1
 Sandblast                Erth           0%         2d4       43%         1
 Frozen Ramparts          Ice            0%         1d1       80%         3
 Hailstorm                Conj/Ice       0%         3d3       80%         3
 Ignite Poison            Fire/Tmut/Pois 0%         N/A       80%         3
 Inner Flame              Hex/Fire       0%         N/A       80%         3
 Volatile Blastmotes      Fire/Tloc      0%         2d10      80%         3
 Sticky Flame             Conj/Fire      0%         2d3       99%         4
 Yara's Violent Unravell  Hex/Tmut       0%         3d3       100%        5
 Starburst                Conj/Fire      0%         6d3       100%        6
 Enfeeble                 Hex            0%         N/A       100%        7
 Ignition                 Fire           0%         3d3       100%        8


Dungeon Overview and Level Annotations

Branches:
Dungeon (7/15)             Temple (1/1) D:6

Altars:
Ashenzari
Cheibriados
Dithmenos
Fedhas
Gozag
Makhleb
Qazlal
Ru
Sif Muna
Trog
Uskayaw
Xom
Yredelemnul
Zin
The Shining One


Innate Abilities, Weirdness & Mutations

Your serpentine skin is tough. (AC +2)
You have supernaturally acute eyesight. (SInv)
Armour fits poorly on your strangely shaped body.
Your system is resistant to poisons. (rPois)
You cover ground very slowly.
You can spit poison.
You have a snake-like lower body.


Message History

The killer bee closely misses you.
The killer bee stings you but does no damage.
The killer bee stings you.
* * * LOW HITPOINT WARNING * * *
The killer bee stings you but does no damage.
Aiming: Spit Poison (1% risk of failure)
Press: ? - help, Shift-Dir - straight line, f - killer bee
Aim: a killer bee (black smoke, 34% to hit)
The splash of poison misses the killer bee.
The killer bee barely misses you.
The killer bee stings you but does no damage.
The killer bee misses you.
The killer bee stings you but does no damage.
You closely miss the killer bee. The killer bee barely misses you. x2
The killer bee stings you but does no damage. x3
You puncture the killer bee!
You feel better.
You kill the killer bee!
Cheibriados thoroughly appreciates the change of pace.
The killer bee stings you.
* * * LOW HITPOINT WARNING * * *
The killer bee stings you but does no damage.
You hit the killer bee but do no damage.
The killer bee stings you but does no damage. x2
You closely miss the killer bee.
The killer bee stings you but does no damage.
The killer bee stings you.
* * * LOW HITPOINT WARNING * * *
You closely miss the killer bee. The killer bee closely misses you.
The killer bee stings you but does no damage.
You miss the killer bee.
You have got your breath back.
The killer bee barely misses you. The killer bee closely misses you.
The killer bee stings you.
* * * LOW HITPOINT WARNING * * *
You closely miss the killer bee. The killer bee barely misses you.
The killer bee misses you.
You miss the killer bee. The killer bee closely misses you.
The killer bee barely misses you.
You barely miss the killer bee. The killer bee stings you.
You die...

#........######'#######.#
#........#.........<..#.#
#........#............).#
#........#............###
#........#............#
#####.####............##### #.#
#§§§§............♣ ##########.#
##§§§.............♣ #..........#
#8@8§.............♣
#.#############y§.§^...........♣
#.##..........#§§..§............
#.##..........#.§..............♣
#.##..........##########.......♣
#.##......[...# #.......♣
#.#...........# #........
#.#..[........# #########
#.#........#### ###### #


You could see a killer bee.

Vanquished Creatures
  Sigmund (D:2)
  An ogre (D:6)
  A sky beast (D:6)
  A black bear (D:4)
  A centaur (D:6)
  A phantom (D:5)
  A bullfrog (D:5)
  2 scorpions
  A gnoll sergeant (D:6)
  2 killer bees
  3 jellies (D:6)
  A crimson imp (D:4)
  3 orc priests
  A hound (D:6)
  A gnoll bouda (D:4)
  3 iguanas
  Terence (D:2)
  An orc wizard (D:5)
  2 sleepcaps
  12 gnolls
  4 adders
  An ufetubus (D:5)
  3 worms
  3 dart slugs
  21 orcs
  2 ball pythons (D:2)
  5 endoplasms
  2 giant cockroaches
  2 goblins
  7 hobgoblins
  4 quokkas
  2 bats (D:1)
  10 frilled lizards
  5 kobolds
  3 rats
114 creatures vanquished.

Vanquished Creatures (others)
  14 plants
14 creatures vanquished.

Grand Total: 128 creatures vanquished

Notes
Turn   | Place    | Note
-------+----------+-------------------------------------------
     0 | D:1      | Mysteryquy the Naga Fighter began the quest for the Orb.
     0 | D:1      | Reached XP level 1. HP: 21/21 MP: 1/1
   300 | D:1      | Reached XP level 2. HP: 28/28 MP: 2/2
   659 | D:2      | Found a sacrificial altar of Ru.
   706 | D:2      | Noticed Terence
   729 | D:2      | Killed Terence
   730 | D:2      | Reached skill level 3 in Polearms
   730 | D:2      | Reached XP level 3. HP: 12/34 MP: 3/3
   846 | D:2      | Noticed Sigmund
   855 | D:2      | Killed Sigmund
   856 | D:2      | Reached skill level 4 in Polearms
   856 | D:2      | Reached XP level 4. HP: 11/44 MP: 4/4
   856 | D:2      | Reached XP level 5. HP: 13/50 MP: 5/5
  1075 | D:2      | Got Sif Muna's Precepts of Combustion and the Crater
  1161 | D:2      | Reached XP level 6. HP: 57/57 MP: 6/6
  1616 | D:3      | Found a bloodstained altar of Trog.
  1670 | D:3      | Found a blossoming altar of Fedhas.
  1728 | D:3      | Found a shadowy altar of Dithmenos.
  1860 | D:3      | Reached skill level 5 in Polearms
  2189 | D:3      | Found a faded altar of an unknown god.
  2372 | D:4      | Identified the +8 trident of Ru's Benevolence {distort,
                  | Int+4}
  2391 | D:4      | Noticed a black bear
  2438 | D:4      | Found a shimmering altar of Xom.
  2438 | D:4      | Found a burning altar of Makhleb.
  2596 | D:4      | Noticed a +0 dagger
  2596 | D:4      | Noticed a +0 short sword
  2715 | D:4      | Killed a black bear
  2716 | D:4      | Reached XP level 7. HP: 64/64 MP: 7/7
  2814 | D:4      | Noticed a +0 falchion
  2814 | D:4      | Noticed a +0 short sword
  2815 | D:4      | Noticed a +0 dagger
  2815 | D:4      | Noticed a +0 falchion
  2823 | D:4      | Found a hide-covered altar of Uskayaw.
  2832 | D:4      | Noticed a +0 spear
  2833 | D:4      | Noticed a +0 spear
  2950 | D:4      | Reached skill level 6 in Polearms
  3062 | D:5      | Entered Level 5 of the Dungeon
  3892 | D:5      | Reached skill level 1 in Dodging
  4147 | D:5      | Reached XP level 8. HP: 73/73 MP: 8/8
  4222 | D:5      | Found a basalt altar of Yredelemnul.
  4333 | D:5      | Reached skill level 7 in Polearms
  4934 | D:6      | Reached skill level 1 in Stealth
  5049 | D:6      | Found a shimmering blue altar of Sif Muna.
  5320 | D:6      | Noticed Maggie
  5321 | D:6      | Maggie changed into Maggie the jelly
  5321 | D:6      | Noticed Maggie
  5325 | D:6      | Killed Maggie the jelly
  5352 | D:6      | Reached skill level 5 in Fighting
  5352 | D:6      | Reached skill level 8 in Polearms
  5381 | D:6      | Found a staircase to the Ecumenical Temple.
  5390 | Temple   | Entered the Ecumenical Temple
  5464 | Temple   | Became a worshipper of Cheibriados the Contemplative
  5965 | D:6      | HP: 2/74 [killer bee (5)]
  5968 | D:6      | Slain by a killer bee

Illustrated notes

Levels and vault maps discovered:
D:1:      evilmike_arrival_rings, layout_basic, serial_bayou_pond_d
D:2:      layout_basic, basic_altar, hangedman_decor_points,
          minmay_misc_feat_nine_boxes, minmay_lizard_king, uniq_terence,
          uniq_sigmund
D:3:      layout_rooms, okawaru_altar_gauntlet_db, bloody_trog,
          mainiacjoe_overflow_catwalk_spiral, nicolae_ecumenical_lake_church,
          grunt_ministairs_3
D:4:      layout_rooms, grunt_temple_overflow_champion_of_chaos,
          nicolae_uskayaw_en_pointe, minmay_fractal_squares_gapless_5
D:5:      layout_cave_pods, mainiacjoe_overflow_tiny_flanked
D:6:      layout_basic, mainiacjoe_overflow_alcove_2, temple_statues,
          wad_woods_river_04, chequers_mini_garden, uniq_maggie
D:7:      layout_basic, nicolae_benzene_ring, minmay_fractal_squares_5
Temple:   nicolae_temple_bog_church

Skill      XL: |  1  2  3  4  5  6  7  8 |
---------------+-------------------------+-----
Polearms       | 3 4 5 6 8 |  8.4
Armour         | 3 4 |  4.5
Shields        | 3 |  3.2
Fighting       | 4 5 |  5.3
Dodging        | 1 |  1.8
Stealth        | 2 |  2.1

Action                     |  1- 3 |  4- 6 |  7- 9 || total
---------------------------+-------+-------+-------++-------
  Melee: Trident           |    57 |       |       ||    57
         Halberd           |       |   152 |   233 ||   385
Ability: Spit Poison       |     2 |     1 |     2 ||     5
  Evoke: Wand              |       |       |     1 ||     1
    Use: Potion            |     1 |       |     8 ||     9
         Scroll            |       |     1 |    12 ||    13
 Armour: Scale mail        |    18 |    79 |   118 ||   215
         Acid dragon scale |       |       |    44 ||    44
  Dodge: Dodged            |    13 |    49 |   132 ||   194
  Block: Buckler           |    11 |       |       ||    11
